 Dungeon Crawl Stone Soup version 0.17-a0-227-gf5308cc (webtiles) character file.

408 Ngotmuk the Cudgeler (level 6, 0/57 HPs)
             Began as a Deep Dwarf Fighter on Mar 30, 2015.
             Was an Initiate of Makhleb.
             Slain by a wight
             ... wielding a +0 great sword
              (6 damage)
             ... on level 4 of the Dungeon.
             The game lasted 00:07:38 (2538 turns).

Ngotmuk the Cudgeler (Deep Dwarf Fighter)           Turns: 2538, Time: 00:07:39

Health: 0/57       AC:  6    Str: 21    XL:     6   Next: 57%
Magic:  6/6        EV:  9    Int:  9    God:    Makhleb [......]
Gold:   199        SH:  4    Dex: 12    Spells: 0 memorised, 5 levels left

rFire  . . .     SeeInvis .     a - +0 flail
rCold  . . .     Clarity  .     b - +0 scale mail
rNeg   . . .     SustAb   .     i - +0 buckler
rPois  +         Gourm    .     (no helmet)
rElec  .         Spirit   .     (no cloak)
rCorr  .         Warding  .     (no gloves)
rMut   .         Stasis   .     (no boots)
MR     .....                    (no amulet)
Stlth  ..........               (no ring)
                                u - ring of poison resistance

@: non-regenerating, drained, not resistant to hostile enchantments, extremely
unstealthy
A: damage resistance, recharge devices, sense surroundings 1, slow healing 3
a: Device Recharging, Renounce Religion


You were on level 4 of the Dungeon.
You worshipped Makhleb.
Makhleb was noncommittal.
You were not hungry.

You visited 1 branch of the dungeon, and saw 4 of its levels.

You collected 199 gold pieces.

Inventory:

Hand weapons
 a - a +0 flail (weapon)
Armour
 b - a +0 scale mail (worn)
 i - a +0 buckler (worn)
Jewellery
 u - a ring of poison resistance (left hand)
 w - an uncursed amulet of the gourmand {unknown}
Magical devices
 d - a wand of heal wounds (1)
Scrolls
 g - a scroll of enchant armour {unknown}
 h - a scroll of recharging {unknown}
 j - 4 scrolls of remove curse {unknown}
 m - 5 scrolls of identify {unknown}
 n - a scroll of immolation {unknown}
 q - 2 scrolls of fear {unknown}
 r - 2 scrolls of blinking {unknown}
Potions
 c - a potion of lignification {unknown}
 e - 3 potions of might
 k - 4 potions of heal wounds {unknown}
 l - a potion of ambrosia {unknown}
 o - 2 potions of agility {unknown}
 s - a potion of flight {unknown}
 t - a potion of brilliance {unknown}
Comestibles
 f - 7 bread rations
 p - a slice of pizza
 v - 2 meat rations


   Skills:
 + Level 3.7(2.7) Fighting
 * Level 5.0(4.0) Maces & Flails
 + Level 4.6(3.6) Armour
 + Level 4.3(3.3) Shields


You had 5 spell levels left.
You didn't know any spells.

Dungeon Overview and Level Annotations

Branches:
Dungeon (4/15)             Temple (0/1) D:4

Altars:
Elyvilon
Makhleb
Nemelex Xobeh
Trog


Innate Abilities, Weirdness & Mutations

You are resistant to damage.
You can recharge devices by infusing magical energy.
You passively map a small area around you.
You do not heal naturally.


Message History

The wight hits you but does no damage.
You hit the wight!
You destroy the wight!
Makhleb accepts your kill.
Your base Maces & Flails skill increases to level 5!
You hit the wight but do no damage. The wight hits you with a great sword!
* * * LOW HITPOINT WARNING * * *
You feel drained.
* * * LOW HITPOINT WARNING * * *
You hit the wight.
The wight is lightly damaged.
The wight hits you with a great sword!
* * * LOW HITPOINT WARNING * * *
You hit the wight.
The wight is heavily damaged.
You block the wight's attack.
You hit the wight.
The wight is severely damaged.
The wight hits you with a great sword!
You die...

........#*#Kg###............##...
....##...##.z# #....##..#######.
....# #.....## ######...## ##
...## ##..z.# ##.....# # ..##
#....# ##...#..## # # ##.g##
##..####..# # ##..### ##..##
##.###### ###...z.###..##
#..##... *###....##..#@.##
##.....# #..#..#####z### #..####
#####.# ##.# ####.####. #.# .#
#....###.# ### #.,* #####.####
*## ###


You could see a wight.

Vanquished Creatures
  A water moccasin (D:3)
  3 wights (D:4)
  A worker ant (D:4)
  4 adders
  4 gnolls (D:2)
  A giant mite (D:1)
  2 worms (D:2)
  2 giant geckos
  An ooze (D:1)
  2 orcs (D:4)
  3 ball pythons
  3 giant cockroaches
  10 goblins
  5 hobgoblins
  4 jackals (D:2)
  A quokka (D:2)
  4 bats
  6 giant newts
  4 kobolds
  8 rats
69 creatures vanquished.

Notes
Turn   | Place    | Note
--------------------------------------------------------------
     0 | D:1      | Ngotmuk, the Deep Dwarf Fighter, began the quest for the Orb.
     0 | D:1      | Reached XP level 1. HP: 20/20 MP: 1/1
   166 | D:1      | Reached XP level 2. HP: 27/27 MP: 2/2
   631 | D:1      | Reached XP level 3. HP: 31/33 MP: 3/3
   878 | D:2      | Found a sparkling altar of Nemelex Xobeh.
  1117 | D:2      | Reached XP level 4. HP: 25/42 MP: 4/4
  1130 | D:2      | Reached skill level 4 in Armour
  1330 | D:2      | Found a bloodstained altar of Trog.
  1734 | D:3      | Found a burning altar of Makhleb.
  1749 | D:3      | Became a worshipper of Makhleb the Destroyer
  1931 | D:3      | Noticed a water moccasin
  1944 | D:3      | Killed a water moccasin
  1944 | D:3      | Reached XP level 5. HP: 18/49 MP: 5/5
  2014 | D:3      | Found a white marble altar of Elyvilon.
  2346 | D:4      | Reached XP level 6. HP: 19/56 MP: 6/6
  2348 | D:4      | Found a staircase to the Ecumenical Temple.
  2534 | D:4      | Reached skill level 5 in Maces & Flails
  2538 | D:4      | Slain by a wight

Action                   |  1- 3 |  4- 6 || total
-------------------------+-------+-------++-------
Melee: Flail             |   126 |   163 ||   289
Evoke: Wand              |       |     4 ||     4
  Eat: Pizza             |     1 |       ||     1
       Meat ration       |       |     1 ||     1
